 Dungeon Crawl Stone Soup version 0.30-a0-800-g7c544603b3 (webtiles) character file.

Game seed: 11042856408242704461

172 retardedninja the Shield-Bearer (level 5, -1/47 HPs)
             Began as a Gnoll Fighter on Feb 21, 2023.
             Slain by an iguana (11 damage)
             ... on level 4 of the Dungeon.
             The game lasted 00:02:46 (2254 turns).

retardedninja the Shield-Bearer (Gnoll Fighter)     Turns: 2254, Time: 00:02:47

Health: -1/47      AC: 13    Str: 15 (17) XL:     5   Next: 53%
Magic:  7/7        EV:  3    Int:  6 (8)  God:
Gold:   149        SH:  5    Dex:  8 (11) Spells: 7/7 levels left

rFire   . . .      SeeInvis .    a - +0 war axe
rCold   . . .      Faith    .    c - +0 buckler
rNeg    . . .      Spirit   .    q - +2 chain mail "Majem" {rPois}
rPois   +          Reflect  .    (no helmet)
rElec   .          Harm     .    (no cloak)
rCorr   .          Rampage  .    (no gloves)
Will    .....                    s - +0 pair of boots Stlth
                                 (no amulet)
HPRegen 0.27/turn                (no ring)
MPRegen 0.10/turn                (no ring)

@: brilliant, about to teleport, flying, constricted
A: fangs 1, strong nose, distributed training
a: no special abilities


You were on level 4 of the Dungeon.
You visited 1 branch of the dungeon, and saw 4 of its levels.

You collected 149 gold pieces.

Inventory:

Hand Weapons
 a - a +0 war axe (weapon)
Armour
 c - a +0 buckler (worn)
 q - the +2 chain mail "Majem" (worn) {rPois}
   (You found it on level 3 of the Dungeon)

   rPois:     It protects you from poison.
 s - a +0 pair of boots (worn)
Wands
 u - a wand of flame (11)
Scrolls
 e - a scroll of fear {unknown}
 h - 5 scrolls of identify {unknown}
 l - a scroll of noise {unknown}
 p - 3 scrolls of teleportation
 r - a scroll of immolation {unknown}
Potions
 b - a potion of degeneration
 d - 2 potions of might
 f - a potion of mutation {unknown}
 g - a potion of flight
 i - a potion of brilliance
 j - a potion of ambrosia {unknown}
 m - a potion of magic {unknown}
 n - a potion of invisibility {unknown}
 o - a potion of heal wounds {unknown}
 t - a potion of attraction {unknown}


   Skills:
 + Level 6.7 Fighting
 + Level 1.6 Short Blades
 + Level 1.6 Long Blades
 + Level 4.8 Axes
 + Level 1.6 Maces & Flails
 + Level 1.6 Polearms
 + Level 1.6 Staves
 + Level 1.6 Ranged Weapons
 + Level 1.6 Throwing
 + Level 6.7 Armour
 + Level 1.6 Dodging
 + Level 1.6 Stealth
 + Level 6.7 Shields
 + Level 1.6 Unarmed Combat
 + Level 1.6 Spellcasting
 + Level 1.2 Conjurations
 + Level 1.2 Hexes
 + Level 1.2 Summonings
 + Level 1.2 Necromancy
 + Level 1.2 Translocations
 + Level 1.2 Transmutations
 + Level 1.2 Fire Magic
 + Level 1.2 Ice Magic
 + Level 1.2 Air Magic
 + Level 1.2 Earth Magic
 + Level 1.2 Poison Magic
 + Level 1.8 Invocations
 + Level 1.6 Evocations


You had 7 spell levels left.
You didn't know any spells.
Your spell library contained the following spells:

 Spells                   Type           Power      Damage    Failure   Level
 Sublimation of Blood     Necr           3%         N/A       100%        2
 Wereblood                Tmut           3%         N/A       100%        2
 Summon Hydra             Summ           1%         N/A       100%        7


Dungeon Overview and Level Annotations

Branches:
Dungeon (4/15)
 Temple: D:4-7

Altars:

Annotations:
D:2 1 runed translucent door, Crazy Yiuf


Innate Abilities, Weirdness & Mutations

You have very sharp teeth.
Your uncanny sense of smell can sniff out nearby items.
Your experience applies equally to all skills.


Message History

Okay, then.
Okay, then.
It was a potion of flight.
You feel very buoyant.
You fly up into the air.
The ball python bites you but does no damage.
The ball python constricts you. The iguana bites you.
* * * LOW HITPOINT WARNING * * *
You block the iguana's attack.
It was a potion of brilliance.
You feel clever all of a sudden.
The ball python bites you but does no damage.
The ball python constricts you.
The iguana bites you but does no damage.
The iguana barely misses you.
It was a potion of curing.
You feel better.
The ball python bites you but does no damage.
The ball python constricts you. The iguana bites you.
* * * LOW HITPOINT WARNING * * *
The iguana barely misses you.
The ball python bites you but does no damage.
The ball python constricts you.
* * * LOW HITPOINT WARNING * * *
You feel better. The iguana bites you.
* * * LOW HITPOINT WARNING * * *
The iguana bites you.
* * * LOW HITPOINT WARNING * * *
The ball python barely misses you. The ball python constricts you.
As you read the scroll labelled YNENLE MUOTA, it crumbles to dust.
You feel strangely unstable.
It was a scroll of teleportation.
The ball python bites you but does no damage.
The ball python constricts you. The iguana barely misses you. x2
A hobgoblin comes into view. It is carrying a wand of flame (5).
It was a potion of degeneration.
There was something very wrong with that liquid.
You feel weakened.
You feel dopey.
You feel clumsy.
The hobgoblin shouts!
The ball python barely misses you. The ball python constricts you.
The iguana bites you!
You die...

..##............#
####............#
..(.. #.............#
>... #.............#
.... ###########.###
..#
..######..####..###.#
..........#.......?..
.........>#...[......
.#<.#####..#@l# #.
#..#†lS#
......†#...#)......
.....#...#...#)....
...#g..#...#...#...
.# ..#...#...#.. #.
#...#...#...#.
..#...#...#..!# .#
..#...#...#!


You could see 2 iguanas, a hobgoblin and a ball python.

Vanquished Creatures
  A scorpion (D:4)
  An orc wizard (D:4)
  3 adders (D:3)
  3 dart slugs
  2 orcs (D:4)
  2 ball pythons
  4 bats
  7 endoplasms
  4 giant cockroaches
  2 goblins
  4 hobgoblins
  5 jackals
  2 kobolds
  4 quokkas
  4 frilled lizards
  4 rats
52 creatures vanquished.

Notes
Turn   | Place    | Note
-------+----------+-------------------------------------------
     0 | D:1      | retardedninja the Gnoll Fighter began the quest for the
                  | Orb.
     0 | D:1      | Reached XP level 1. HP: 23/23 MP: 1/1
   142 | D:1      | Reached XP level 2. HP: 27/29 MP: 2/2
   757 | D:2      | Reached XP level 3. HP: 35/35 MP: 3/3
  1027 | D:2      | Reached skill level 1 in Invocations
  1127 | D:2      | Found a runed translucent door.
  1128 | D:2      | Noticed Crazy Yiuf
  1260 | D:3      | Reached skill level 1 in Short Blades
  1260 | D:3      | Reached skill level 1 in Long Blades
  1260 | D:3      | Reached skill level 1 in Maces & Flails
  1260 | D:3      | Reached skill level 1 in Polearms
  1260 | D:3      | Reached skill level 1 in Staves
  1260 | D:3      | Reached skill level 1 in Ranged Weapons
  1260 | D:3      | Reached skill level 1 in Throwing
  1260 | D:3      | Reached skill level 1 in Dodging
  1260 | D:3      | Reached skill level 1 in Stealth
  1260 | D:3      | Reached skill level 1 in Unarmed Combat
  1260 | D:3      | Reached skill level 1 in Spellcasting
  1260 | D:3      | Reached skill level 1 in Evocations
  1276 | D:3      | Identified the +2 chain mail "Majem" {rPois}
  1351 | D:3      | Reached XP level 4. HP: 35/41 MP: 5/5
  2008 | D:4      | Reached skill level 1 in Conjurations
  2008 | D:4      | Reached skill level 1 in Hexes
  2008 | D:4      | Reached skill level 1 in Summonings
  2008 | D:4      | Reached skill level 1 in Necromancy
  2008 | D:4      | Reached skill level 1 in Translocations
  2008 | D:4      | Reached skill level 1 in Transmutations
  2008 | D:4      | Reached skill level 1 in Fire Magic
  2008 | D:4      | Reached skill level 1 in Ice Magic
  2008 | D:4      | Reached skill level 1 in Air Magic
  2008 | D:4      | Reached skill level 1 in Earth Magic
  2008 | D:4      | Reached skill level 1 in Poison Magic
  2217 | D:4      | Noticed a scorpion
  2224 | D:4      | Killed a scorpion
  2225 | D:4      | Reached XP level 5. HP: 46/47 MP: 5/7
  2254 | D:4      | Slain by an iguana

Illustrated notes

Levels and vault maps discovered:
D:1:      spicycebolla_green_bress_n_ham, layout_basic, minmay_bisected
D:2:      layout_basic, chequers_serial_rivers_micro_e, uniq_crazy_yiuf_cottage
D:3:      layout_basic, grunt_decor_clamped
D:4:      layout_gridville, hex_large, uniq_edmund

Skill      XL: |  1  2  3  4 |
---------------+-------------+-----
Invocations    | 1 |  1.8
Short Blades   | 1 |  1.6
Long Blades    | 1 |  1.6
Maces & Flails | 1 |  1.6
Polearms       | 1 |  1.6
Staves         | 1 |  1.6
Ranged Weapons | 1 |  1.6
Throwing       | 1 |  1.6
Dodging        | 1 |  1.6
Stealth        | 1 |  1.6
Unarmed Combat | 1 |  1.6
Spellcasting   | 1 |  1.6
Evocations     | 1 |  1.6
Conjurations   | 1 |  1.2
Hexes          | 1 |  1.2
Summonings     | 1 |  1.2
Necromancy     | 1 |  1.2
Translocations | 1 |  1.2
Transmutations | 1 |  1.2
Fire Magic     | 1 |  1.2
Ice Magic      | 1 |  1.2
Air Magic      | 1 |  1.2
Earth Magic    | 1 |  1.2
Poison Magic   | 1 |  1.2
Fighting       | |  6.7
Axes           | |  4.8
Armour         | |  6.7
Shields        | |  6.7

Action                     |  1- 3 |  4- 6 || total
---------------------------+-------+-------++-------
  Melee: War axe           |    95 |    66 ||   161
         Bite              |     5 |     4 ||     9
    Use: Potion            |       |     5 ||     5
         Scroll            |       |     1 ||     1
 Armour: Scale mail        |    11 |       ||    11
         Chain mail        |    32 |    63 ||    95
  Dodge: Dodged            |    32 |    38 ||    70
  Block: Buckler           |    25 |    28 ||    53

Table legend: (Time is in decaauts)
 A = Elapsed time spent in this place.
 B = Non-inter-level travel time spent in this place.
 C = Inter-level travel time spent in this place.
 D = Time resting spent in this place.
 E = Time spent auto-exploring this place.
 F = Levels seen in this place.
 G = Mean time per level.
                   A        B        C        D        E       F      G
               +--------+--------+--------+--------+--------+-----+--------+
         Total |   2302 |   2276 |     26 |    153 |   1675 |   4 |  575.5 |
       Dungeon |   2302 |   2276 |     26 |    153 |   1675 |   4 |  575.5 |
               +--------+--------+--------+--------+--------+-----+--------+

Top non-repeatable levels by time:
     D:3: 846 daAuts
     D:1: 623 daAuts
     D:2: 550 daAuts
     D:4: 282 daAuts
